 Seeded DCSS version 0.27-a0-1046-g98bf31544f (webtiles) character file.

Game seed: 20210420 (custom seed)

32 Snicker the Sneak (level 3, -1/27 HPs)
             Began as a Demonspawn Brigand on Apr 20, 2021.
             Killed from afar by a white imp (6 damage)
             ... with a puff of frost
             ... summoned by Natasha
             ... on level 2 of the Dungeon.
             The game lasted 00:02:53 (1334 turns).

Snicker the Sneak (Demonspawn Brigand)              Turns: 1334, Time: 00:02:54

Health: -1/27      AC:  3    Str: 17    XL:     3   Next: 8%
Magic:  3/3        EV: 12    Int: 12    God:
Gold:   118        SH:  0    Dex: 15    Spells: 2/2 levels left

rFire    . . .     SeeInvis .   a - +2 dagger
rCold    . . .     Faith    .   (no shield)
rNeg     . . .     Spirit   .   b - +0 robe
rPois    .         Reflect  .   (helmet restricted)
rElec    .         Harm     .   c - +0 cloak
rCorr    .         Rampage  .   (no gloves)
Will     .....                  (no boots)
Stlth    +++.......             (no amulet)
HPRegen  0.09/turn              i - +6 ring of strength
MPRegen  0.08/turn              (no ring)

@: no status effects
A: hooves 1, horns 1
a: no special abilities


You were on level 2 of the Dungeon.
You visited 1 branch of the dungeon, and saw 2 of its levels.

You collected 118 gold pieces.

Inventory:

Hand Weapons
 a - a +2 dagger (weapon)
Missiles
 d - 25 poisoned darts (quivered)
 e - 2 curare-tipped darts
Armour
 b - a +0 robe (worn)
 c - a +0 cloak (worn)
Jewellery
 i - a +6 ring of strength (left hand)
Scrolls
 f - a scroll of teleportation {unknown}
Potions
 g - a potion of ambrosia {unknown}
 h - 2 potions of invisibility {unknown}
 j - a potion of attraction {unknown}
 k - 2 potions of might {unknown}
 l - a potion of heal wounds {unknown}


   Skills:
 + Level 2.1 Fighting
 * Level 1.9 Short Blades
 + Level 1.9 Throwing
 + Level 1.1 Dodging
 * Level 4.4 Stealth


You had 2 spell levels left.
You didn't know any spells.
Your spell library contained the following spells:

 Spells                   Type           Power      Damage    Failure   Level
 Beastly Appendage        Tmut           0%         N/A       32%         1
 Wereblood                Tmut           0%         N/A       45%         2
 Spider Form              Tmut/Pois      0%         N/A       69%         3
 Ice Form                 Ice/Tmut       0%         N/A       97%         4
 Hydra Form               Tmut           0%         N/A       100%        5


Dungeon Overview and Level Annotations

Branches:
Dungeon (2/15)

Altars:

Shops:
D:1 =*

Annotations:
D:2 Natasha


Innate Abilities, Weirdness & Mutations

You have large cloven feet.
You have a pair of small horns on your head.


Message History

You see here a ball python corpse.
You now have 118 gold pieces (gained 8).
Found an escape hatch in the floor.
A goblin comes into view. It is wielding a +0 dagger.
There is an escape hatch in the floor here.
A goblin is nearby!
The goblin shouts!
Natasha, Servant of Life and Death comes into view.
Natasha hisses angrily.
Found 18 poisoned darts.
You hit the goblin.
The goblin is heavily wounded.
Natasha casts a spell.
The goblin barely misses you.
You hit the goblin. Your kick misses the goblin.
Your headbutt misses the goblin.
The goblin is severely wounded.
Natasha stares at you and mumbles some strange words.
The magic dart hits you.
You hit the goblin.
You kill the goblin!
The white imp gestures at you. The puff of frost hits you.
The white imp sputters.
There is an escape hatch in the floor here.
Natasha casts a spell.
The white imp gestures at you. The puff of frost hits you!
The white imp misses you.
You hit the white imp. Your headbutt misses the white imp.
The white imp is moderately wounded.
The white imp gestures at you. The puff of frost hits you!
* * * LOW HITPOINT WARNING * * *
You barely miss the white imp. You kick the white imp.
Your headbutt misses the white imp.
The white imp is heavily wounded.
The white imp gestures at you. The puff of frost hits you.
You die...

####### .......
....... ......(
###.......
#########..)......
#....@5h5.........
#.#######.#.......
#.# ###.########
##.## #...#
##...## #.###
#.....###.#####
##.†..........#
##.#.###.###.#
#.#.#
#.###.####...


You could see Natasha and 2 white imps.

Vanquished Creatures
  2 dart slugs (D:1)
  4 endoplasms (D:1)
  3 goblins
  4 hobgoblins (D:1)
  2 quokkas (D:1)
  2 ball pythons
  A bat (D:1)
  A frilled lizard (D:1)
  4 kobolds
  A rat (D:1)
24 creatures vanquished.

Notes
Turn   | Place    | Note
-------+----------+-------------------------------------------
     0 | D:1      | Snicker the Demonspawn Brigand began the quest for the Orb.
     0 | D:1      | Reached XP level 1. HP: 16/16 MP: 1/1
    57 | D:1      | Reached skill level 4 in Stealth
   297 | D:1      | Gained mutation: You have large cloven feet. [demonic
                  | ancestry]
   297 | D:1      | Reached XP level 2. HP: 22/22 MP: 2/2
   375 | D:1      | Found Fouwni's Assorted Antiques.
   413 | D:1      | Reached skill level 1 in Dodging
   987 | D:1      | Found Xideuh's Jewellery Boutique.
  1136 | D:1      | Found a faded altar of an unknown god.
  1282 | D:2      | Gained mutation: You have a pair of small horns on your
                  | head. [demonic ancestry]
  1282 | D:2      | Reached XP level 3. HP: 27/27 MP: 3/3
  1319 | D:2      | Noticed Natasha
  1334 | D:2      | Killed from afar by a white imp

Illustrated notes

Levels and vault maps discovered:
D:1:      mainiacjoe_arrival_reflecting_pool, layout_loops_ring,
          hellmonk_ecumenical_altar_inner_sanctum, serial_shops, shop,
          nicolae_shop_crystal, hex_medium, minmay_ruptured
D:2:      layout_loops_ring, uniq_natasha

Skill      XL: |  1  2 |
---------------+-------+-----
Stealth        | 4 |  4.4
Dodging        | 1 |  1.1
Fighting       | |  2.1
Short Blades   | |  1.9
Throwing       | |  1.9

Action                   || total
-------------------------++-------
Melee: Dagger            ||    55
       Kick              ||     7
 Stab: Sleeping          ||    10
Armor: Robe              ||     3
Dodge: Dodged            ||    29

Table legend: (Time is in decaauts)
 A = Elapsed time spent in this place.
 B = Non-inter-level travel time spent in this place.
 C = Inter-level travel time spent in this place.
 D = Time resting spent in this place.
 E = Time spent auto-exploring this place.
 F = Levels seen in this place.
 G = Mean time per level.
                   A        B        C        D        E       F      G
               +--------+--------+--------+--------+--------+-----+--------+
         Total |   1329 |   1307 |     22 |    288 |    824 |   2 |  664.5 |
       Dungeon |   1329 |   1307 |     22 |    288 |    824 |   2 |  664.5 |
               +--------+--------+--------+--------+--------+-----+--------+

Top non-repeatable levels by time:
     D:1: 1219 daAuts
     D:2: 110 daAuts
